 Dungeon Crawl Stone Soup version 0.28-a0-723-g095bd1b44f (webtiles) character file.

Game seed: 18062762106040737931

372 spiderkeys the Ducker (level 6, -11/37 HPs)
             Began as a Deep Elf Abyssal Knight on Oct 26, 2021.
             Was a Believer of Lugonu.
             Mangled by an ogre (24 damage)
             ... on level 5 of the Dungeon.
             The game lasted 00:06:08 (5314 turns).

spiderkeys the Ducker (Deep Elf Abyssal Knight)     Turns: 5314, Time: 00:06:09

Health: -11/37     AC:  5    Str: 12    XL:     6   Next: 43%
Magic:  7/10       EV: 13    Int: 15    God:    Lugonu [**....]
Gold:   128        SH:  0    Dex: 15    Spells: 7/8 levels left

rFire   . . .      SeeInvis .   c - +2 long sword (elec)
rCold   . . .      Faith    .   (no shield)
rNeg    . . .      Spirit   .   b - +1 leather armour
rPois   .          Reflect  .   (no helmet)
rElec   .          Harm     .   t - scarf {repulsion}
rCorr   .          Rampage  .   d - +0 pair of gloves
Will    +....                   (no boots)
Stlth   ++........              (no amulet)
HPRegen 0.12/turn               l - ring of willpower
MPRegen 0.12/turn               (no ring)

@: repel missiles
A: no striking features
a: Renounce Religion, Depart the Abyss, Bend Space


You were on level 5 of the Dungeon.
You worshipped Lugonu.
Lugonu was pleased with you.
You visited 1 branch of the dungeon, and saw 5 of its levels.
You visited the Abyss 1 time.

You collected 128 gold pieces.


   Skills:
 + Level 3.3 Fighting
 + Level 3.0 Long Blades
 - Level 0.7 Armour
 + Level 3.9 Dodging
 - Level 2.7 Stealth
 * Level 1.8 Spellcasting
 * Level 1.6 Conjurations
 * Level 1.7 Fire Magic
 + Level 3.3 Invocations


You had 7 spell levels left.
You knew the following spells:

 Your Spells              Type           Power      Damage    Failure   Level
f - Foxfire               Conj/Fire      24%        2x1d5     14%         1

Your spell library contained the following spells:

 Spells                   Type           Power      Damage    Failure   Level
 Freeze                   Ice            4%         1d3       28%         1
 Conjure Flame            Conj/Fire      6%         6-21      41%         3
 Inner Flame              Hex/Fire       4%         N/A       52%         3
 Frozen Ramparts          Ice            2%         1d2       65%         3
 Portal Projectile        Hex/Tloc       2%         N/A       65%         3
 Flame Wave               Conj/Fire      6%         3d4       82%         4
 Hailstorm                Conj/Ice       3%         3d3       90%         4
 Blade Hands              Tmut           0%         N/A       100%        5
 Excruciating Wounds      Necr           0%         N/A       100%        5

Inventory:

Hand Weapons
 a - a +1 falchion
 c - a +2 long sword of electrocution (weapon)
   (You found it on level 1 of the Abyss)
Missiles
 f - 165 stones
 h - 18 sling bullets
 j - 43 arrows
 q - 21 poisoned darts
 s - 3 datura-tipped darts
Armour
 b - a +1 leather armour (worn)
 d - a +0 pair of gloves (worn)
   (You found it on level 4 of the Dungeon)
 t - a scarf of repulsion (worn)
   (You found it on level 4 of the Dungeon)
 u - a +0 helmet
   (You took it off Robin on level 4 of the Dungeon)
Jewellery
 l - a ring of willpower (left hand)
   (You found it on level 2 of the Dungeon)
Scrolls
 i - a scroll of identify {@r1}
 m - 2 scrolls of magic mapping {!r}
 n - a scroll of brand weapon
 o - a scroll of immolation {!r!r}
 r - a scroll of holy word
 w - a scroll of teleportation {@r4}
Potions
 e - a potion of attraction {unknown}
 g - 4 potions of might
 k - 2 potions of flight {unknown}
 p - 2 potions of heal wounds {unknown}
 v - a potion of invisibility {unknown}
 x - a potion of cancellation {unknown}

Dungeon Overview and Level Annotations

Branches:
Dungeon (5/15)
 Temple: D:4-7

Altars:
Elyvilon
Gozag

Shops:
D:3

( #. #.#
#.# #.#
###.###
#.....#
#.....#
#...<.#
#..@..#
##.O...#
#......#
#.##.#.#
#.##.#.#
#.##.#.#
#O##.#.#
#.##.#
#.. ..


You could see an ogre.


Message History

😎 HP[+1]
Your hp is fully restored (37).
x - a brown potion Key pressed, stopping explore.
Things that are here:
a +0 dagger; a goblin skeleton
Found a white marble altar of Elyvilon.
You pick up a book of Flames and begin reading...
Unfortunately, you learned nothing new.
You enter the shallow water.
Moving in this stuff is going to be slow.
Items here: ))) ÷.
Things that are here:
a +0 dagger; a +0 club; a goblin skeleton
Items here: )))) [ ÷÷÷.
You see here a +0 dagger.
A goblin comes into view. It is wielding a +0 club.
Okay, then.
A goblin is nearby!
A goblin is nearby!
The goblin shouts!
You hit the goblin.
You kill the goblin!
Lugonu accepts your kill.
No target in view!
No target in view!
g - 4 potions of might (gained 1) Key pressed, stopping explore.
Key pressed, stopping explore.
You see here a +0 dagger.
Items here: )))) [ ÷÷÷.
Things that are here:
a +0 dagger; a +0 club
Things that are here:
a +0 club; a +0 club; a +0 short sword
Things that are here:
a +0 dagger; a +0 club
Items here: )))) [ ÷÷÷.
You see here a +0 dagger.
There is a stone staircase leading up here.
There is a stone staircase leading up here.
An orc comes into view. It is wielding a +0 hand axe.
A goblin comes into view. It is wielding a +0 dagger.
There is a stone staircase leading up here.
The helpless orc fails to defend itself.
You hit the orc. Lightning courses through the orc!
You kill the orc!
Lugonu accepts your kill.
The helpless goblin fails to defend itself.
You slash the goblin! Lightning courses through the goblin!
You kill the goblin!
Lugonu accepts your kill.
No target in view!
k - 2 silvery potions (gained 1)
Things that are here:
a +0 dagger; a goblin corpse
There is a stone staircase leading up here.
Key pressed, stopping explore.
Key pressed, stopping explore.
You see here a +0 dagger.
Items here: )))) [.
Done exploring.
Done exploring.
You see here a +0 dagger.
There is a stone staircase leading down here.
You climb downwards.
There is a stone staircase leading up here.
As you read the scroll of identify {@r1}, it crumbles to dust.
w - a scroll of teleportation An ogre comes into view.
It is wielding a +0 giant club.
Casting: Foxfire (safe; 14% risk of failure)
Confirm with . or Enter, or press ? or * to list all spells.
You conjure some foxfire! 😎 MP[-1]
You lost 1 mp, and now have 9/10 mp.
Casting: Foxfire (safe; 14% risk of failure)
Confirm with . or Enter, or press ? or * to list all spells.
You conjure some foxfire!
The foxfire hits the ogre. x2 😎 MP[-1]
You lost 1 mp, and now have 8/10 mp.
Casting: Foxfire (safe; 14% risk of failure)
Confirm with . or Enter, or press ? or * to list all spells.
You conjure some foxfire!
The foxfire hits the ogre. x2 😎 MP[-1]
You lost 1 mp, and now have 7/10 mp.
You hit the ogre but do no damage.
The foxfire hits the ogre. x2
The ogre hits you with a +0 giant club. 😕 HP[-3]
You take 3 damage, and now have 34/37 hp.
Your leather armour prevents you from hitting the ogre.
The ogre hits you with a +0 giant club!!
Ouch! That really hurt!
* * * LOW HITPOINT WARNING * * *
😨 HP[-21]
You take 21 damage, and now have 13/37 hp.
MASSIVE DAMAGE!! (PAUSE)
You barely miss the ogre.
The ogre hits you with a +0 giant club!!
Ouch! That really hurt!
You die...

Skill      XL: |  1  2  3  4  5  6 |
---------------+-------------------+-----
Long Blades    | 2 3 |  3.0
Stealth        | 1 2 |  2.7
Dodging        | 3 |  3.9
Fighting       | 3 |  3.3
Invocations    | 3 |  3.3
Spellcasting   | 1 |  1.8
Fire Magic     | 1 |  1.7
Conjurations   | 1 |  1.6
Armour         | |  0.7

Action                   |  1- 3 |  4- 6 || total
-------------------------+-------+-------++-------
Melee: Long sword        |    71 |   167 ||   238
 Cast: Foxfire           |       |     3 ||     3
Invok: Depart the Abyss  |     1 |       ||     1
  Use: Scroll            |       |     9 ||     9
 Stab: Sleeping          |     3 |     7 ||    10
Armor: Leather armour    |    17 |    44 ||    61
Dodge: Dodged            |    57 |   116 ||   173

Levels and vault maps discovered:
D:1:      scummos_arrival_simple_crosswalls, layout_rooms,
          shapermc_ecumenical_altar_mp_vishouse, hangedman_feature_mirror
D:2:      layout_rooms, basic_altar
D:3:      layout_loops_corners, serial_shops, shop
D:4:      layout_rooms, nicolae_elyvilon_peaceful_grove, uniq_robin
D:5:      cheibrodos_barr_body, layout_loops_cross,
          chequers_temple_overflow_statue_of_worship, uniq_pikel,
          uniq_prince_ribbit1

Notes
Turn   | Place    | Note
-------+----------+-------------------------------------------
     0 | Abyss:1  | spiderkeys the Deep Elf Abyssal Knight began the quest for
                  | the Orb.
     0 | Abyss:1  | Reached XP level 1. HP: 13/13 MP: 4/4
     0 | Abyss:1  | magus.rc [v1.9.10]
    37 | Abyss:1  | Noticed a kobold brigand
    37 | Abyss:1  | Noticed a kobold demonologist
    50 | D:1      | You pass through the gate.
    50 | D:1      | Escaped the Abyss
    53 | D:1      | HP: 3/13 [poisoned by a kobold brigand]
   395 | D:1      | Reached * piety under Lugonu
   646 | D:1      | Reached XP level 2. HP: 13/18 MP: 5/5
   802 | D:1      | Reached skill level 2 in Long Blades
   804 | D:1      | Reached skill level 1 in Stealth
  1276 | D:1      | Reached XP level 3. HP: 22/22 MP: 6/6
  1299 | D:1      | You pick up a book of Frost and begin reading...
  1299 | D:1      | You add the spells Freeze, Frozen Ramparts and Hailstorm to
                  | your library.
  1466 | D:1      | Found a faded altar of an unknown god.
  1486 | D:1      | Reached skill level 3 in Dodging
  1525 | D:2      | Noticed a scorpion
  1531 | D:2      | Killed a scorpion
  1532 | D:2      | Reached skill level 2 in Stealth
  1532 | D:2      | Reached XP level 4. HP: 9/27 MP: 6/8
  1846 | D:2      | Reached skill level 3 in Fighting
  1848 | D:2      | Reached skill level 3 in Invocations
  2025 | D:2      | You fall into a shaft and drop 1 floor!
  2443 | D:3      | Reached XP level 5. HP: 31/31 MP: 9/9
  2733 | D:3      | Found Sohot's Antique Weapon Emporium.
  2916 | D:3      | Reached ** piety under Lugonu
  2918 | D:3      | HP: 7/32 [kobold (2)]
  3193 | D:3      | You pick up a book of Flames and begin reading...
  3193 | D:3      | You add the spells Foxfire, Conjure Flame, Inner Flame and
                  | Flame Wave to your library.
  3196 | D:3      | Learned a level 1 spell: Foxfire
  4012 | D:2      | Found an opulent altar of Gozag.
  4347 | D:4      | Reached skill level 1 in Spellcasting
  4347 | D:4      | Reached skill level 1 in Fire Magic
  4477 | D:4      | You pick up a book of Weapons and begin reading...
  4477 | D:4      | You add the spells Portal Projectile, Excruciating Wounds
                  | and Blade Hands to your library.
  4607 | D:4      | Reached skill level 1 in Conjurations
  4680 | D:4      | Reached XP level 6. HP: 26/37 MP: 10/10
  4764 | D:4      | Noticed Robin
  4783 | D:4      | Killed Robin
  4784 | D:4      | Reached skill level 3 in Long Blades
  5081 | D:4      | Found a white marble altar of Elyvilon.
  5084 | D:4      | You pick up a book of Flames and begin reading...
  5299 | D:5      | Entered Level 5 of the Dungeon
  5314 | D:5      | Mangled by an ogre

Vanquished Creatures
  2 scorpions
  A jelly (D:4)
  An iguana (D:4)
  Robin (D:4)
  3 gnolls (D:2)
  5 adders
  An adder skeleton (D:4)
  2 worms
  2 dart slugs
  6 orcs
  9 bats
  12 endoplasms
  A giant cockroach (D:1)
  16 goblins
  8 hobgoblins
  2 jackals (D:1)
  2 quokkas
  4 ball pythons (D:1)
  7 frilled lizards
  7 kobolds
  6 rats
98 creatures vanquished.

Vanquished Creatures (others)
  A butterfly (D:4)
  6 foxfires (D:5)
7 creatures vanquished.

Grand Total: 105 creatures vanquished

Table legend:
 A = Non-vault XP
 B = Vault XP
 C = Vault XP percentage of total XP
 D = Non-vault monster count
 E = Vault monster count
 F = Vault count percentage of total count
                 A         B        C        D         E       F
            +---------+---------+-------+---------+---------+-------
      Total |     496 |      36 |   6.8 |      85 |      13 |  13.3
            +---------+---------+-------+---------+---------+-------
        D:1 |      51 |       2 |   3.8 |      31 |       2 |   6.1
        D:2 |     168 |       0 |   0.0 |      19 |       0 |   0.0
        D:3 |      61 |       0 |   0.0 |      20 |       0 |   0.0
        D:4 |     216 |      34 |  13.6 |      15 |      11 |  42.3
            +---------+---------+-------+---------+---------+-------

Illustrated notes

Table legend:
 A = Kills in this place as a percentage of kills in entire the game.
 B = Kills by you in this place as a percentage of kills by you in the entire game.
 C = Kills by friends in this place as a percentage of kills by friends in the entire game.
 D = Other kills in this place as a percentage of other kills in the entire game.
 E = Experience gained in this place as a percentage of experience gained in the entire game.
 F = Experience gained in this place divided by the number of levels of this place that you have seen.
                   A       B       C       D       E      F
               +-------+-------+-------+-------+-------+----------------------
         Total | 100.0 | 100.0 |   N/A |   N/A | 100.0 |  88.7
       Dungeon | 100.0 | 100.0 |   N/A |   N/A | 100.0 | 106.4
               +-------+-------+-------+-------+-------+----------------------

Table legend: (Time is in decaauts)
 A = Elapsed time spent in this place.
 B = Non-inter-level travel time spent in this place.
 C = Inter-level travel time spent in this place.
 D = Time resting spent in this place.
 E = Time spent auto-exploring this place.
 F = Levels seen in this place.
 G = Mean time per level.
                   A        B        C        D        E       F      G
               +--------+--------+--------+--------+--------+-----+--------+
         Total |   5379 |   5229 |    150 |    618 |   3883 |   6 |  896.5 |
       Dungeon |   5329 |   5179 |    150 |    618 |   3847 |   5 | 1065.8 |
         Abyss |     50 |     50 |      0 |      0 |     36 |   1 |   50.0 |
               +--------+--------+--------+--------+--------+-----+--------+

Top non-repeatable levels by time:
     D:3: 1590 daAuts
     D:1: 1492 daAuts
     D:2: 1183 daAuts
     D:4: 1048 daAuts
 Abyss:1: 50 daAuts
     D:5: 15 daAuts
